 Dungeon Crawl Stone Soup version 0.30.0-29-ga12c61a403 (webtiles) character file.

Game seed: 18365364846259680893

163 qw the Chopper (level 5, -1/32 HPs)
             Began as a Gargoyle Fighter on June 4, 2023.
             Was an Initiate of Okawaru.
             Killed from afar by an orc wizard (9 damage)
             ... with a puff of flame
             ... on level 3 of the Dungeon.
             The game lasted 00:01:02 (2251 turns).

qw the Chopper (Gargoyle Fighter)                   Turns: 2251, Time: 00:01:02

Health: -1/32      AC: 10    Str: 22    XL:     5   Next: 44%
Magic:  5/5        EV:  9    Int:  8    God:    Okawaru [......]
Gold:   74         SH:  4    Dex:  9    Spells: 4/4 levels left

rFire   . . .        Y - +0 war axe (heavy)
rCold   . . .        c - +0 buckler
rNeg    + . .        b - +0 scale mail
rPois   inf          (no helmet)
rElec   +            (no cloak)
rCorr   .            (no gloves)
SInv    .            (no boots)
Will    .....        (no amulet) Stlth
                     (no ring)
HPRegen 0.25/turn    (no ring)
MPRegen 0.09/turn

%: no passive effects
@: no status effects
A: sickness immunity, AC +4, negative energy resistance 1, electricity
resistance, torment resistance 1, petrification resistance
a: Renounce Religion


You were on level 3 of the Dungeon.
You worshipped Okawaru.
Okawaru was noncommittal.
You visited 1 branch of the dungeon, and saw 3 of its levels.

You collected 74 gold pieces.


Innate Abilities, Weirdness & Mutations

You are immune to sickness and miasma.
Your stone body is resilient. (AC +4)
You are immune to poison.
You resist negative energy. (rN+)
You are resistant to electric shocks. (rElec)
You are resistant to unholy torment.
You are immune to petrification.


   Skills:
 + Level 3.3 Fighting
 - Level 5.0 Axes
 - Level 3.2 Armour
 - Level 3.2 Shields


You had 4 spell levels left.
You didn't know any spells.
Your spell library was empty.

Inventory:

Hand Weapons
 j - a +0 morningstar
 Y - a +0 heavy war axe (weapon)
Armour
 b - a +0 scale mail (worn)
 c - a +0 buckler (worn)
 g - a +0 pair of gloves
Scrolls
 a - a scroll of identify
 i - 3 scrolls of immolation {unknown}
Potions
 d - a potion of might
 e - 2 potions of curing {unknown}
 f - a potion of berserk rage {unknown}
 h - a potion of ambrosia {unknown}

Dungeon Overview and Level Annotations

Branches:
Dungeon (3/15)

Altars:
Dithmenos
Okawaru


Message History

2242 ||| Stepping ~*~*~tactically~*~*~ (hiding).
You barely miss the orc. The orc hits you but does no damage.
You closely miss the orc. You slash the orc!
You kill the orc!
Okawaru accepts your kill. The orc hits you but does no damage.
The orc closely misses you.
Your Axes skill increases to level 5!
You closely miss the orc. You barely miss the orc wizard.
You barely miss the orc. The orc barely misses you.
You closely miss the orc wizard. You slice the orc!!
You kill the orc!
Okawaru accepts your kill. The orc wizard casts a spell at you.
You resist with some effort. The orc hits you with a +0 whip.
The orc wizard casts a spell at you. The puff of flame hits you!
You hit the orc wizard.
The orc wizard is lightly wounded.
You hit the orc. The orc hits you with a +0 whip.
The orc wizard hits you with a +0 dagger.
The orc closely misses you.
The orc wizard hits you but does no damage.
You barely miss the orc wizard.
The orc wizard is lightly wounded.
You slash the orc!
You kill the orc!
Okawaru accepts your kill. The orc wizard casts a spell at you.
The puff of flame hits you. The orc wizard casts a spell at you.
The puff of flame hits you!
You slash the orc wizard!
The orc wizard is almost dead.
The orc wizard hits you with a +0 dagger.
The orc wizard casts a spell at you. The puff of flame hits you!
You die...

#. .. o# .# .#
##.##
#####)..##.##
#...@o......#
#.###...#....
##.####......#
#............#
#..######....#
#..# .....
#..#####.....#
#........#...#
#.######..


You could see an orc wizard.

Vanquished Creatures
  An orc priest (D:3)
  Natasha (D:1)
  4 adders
  A worm (D:3)
  4 dart slugs
  7 orcs (D:3)
  5 bats
  2 endoplasms
  2 giant cockroaches
  2 goblins
  6 hobgoblins
  2 jackals (D:1)
  A quokka (D:1)
  4 ball pythons
  3 frilled lizards
  5 kobolds
  8 rats
58 creatures vanquished.

Notes
Turn   | Place    | Note
-------+----------+-------------------------------------------
     0 | D:1      | qw the Gargoyle Fighter began the quest for the Orb.
     0 | D:1      | Reached XP level 1. HP: 14/14 MP: 1/1
     0 | D:1      | 0 ||| qw: Version: 0.2-a-107-g4668610
     0 | D:1      | 0 ||| qw: Game counter: 1190
     0 | D:1      | 0 ||| qw: Always use a shield: true
     0 | D:1      | 0 ||| qw: God list: Okawaru
     0 | D:1      | 0 ||| qw: Allow faded altars: false
     0 | D:1      | 0 ||| qw: Do Orc after D:15 true
     0 | D:1      | 0 ||| qw: Do second Lair branch before Depths: true
     0 | D:1      | 0 ||| qw: Lair rune preference: random
     0 | D:1      | 0 ||| qw: Plans: Normal, Zot:1-4, Slime:5, God:TSO, Crypt,
                  | Tomb, Abyss, Pan, Hells, Win
     0 | D:1      | 0 ||| PLANNING D:1-11
    97 | D:1      | Reached skill level 2 in Axes
   203 | D:1      | Reached XP level 2. HP: 19/19 MP: 2/2
   222 | D:1      | 222 ||| Stepping ~*~*~tactically~*~*~ (hiding).
   814 | D:1      | 814 ||| READING 2 scrolls labelled POCRE VYCKUISO.
   815 | D:1      | 815 ||| READING 2 scrolls labelled CIH LIOSTRIVUS.
   818 | D:1      | 818 ||| READING scroll labelled AQAZIDD FIVUE.
   888 | D:2      | Noticed Natasha
   893 | D:2      | Reached skill level 3 in Axes
   893 | D:2      | 893 ||| STAIRDANCE
   908 | D:1      | Killed Natasha
   909 | D:1      | Reached XP level 3. HP: 10/23 MP: 3/3
   959 | D:1      | 959 ||| READING scroll labelled BENOPL KETOPPU.
  1084 | D:2      | Reached XP level 4. HP: 19/28 MP: 4/4
  1255 | D:2      | Reached skill level 4 in Axes
  1354 | D:2      | Found a shadowy altar of Dithmenos.
  1663 | D:2      | 1663 ||| DROPPING orb of mayhem.
  1664 | D:2      | 1664 ||| READING scroll labelled QELYES TOUSH.
  1665 | D:2      | 1665 ||| READING scroll labelled MYALYOCUMP.
  1799 | D:3      | Found an iron altar of Okawaru.
  1800 | D:3      | 1800 ||| PLANNING OKAWARU WORSHIP
  1800 | D:3      | 1800 ||| READING scroll labelled MURUTR CI ZEGE.
  1804 | D:3      | Became a worshipper of Warmaster Okawaru
  1804 | D:3      | 1804 ||| PLANNING D:1-11
  1990 | D:3      | 1990 ||| Stepping ~*~*~tactically~*~*~ (hiding).
  1992 | D:3      | 1992 ||| Stepping ~*~*~tactically~*~*~ (hiding).
  1997 | D:3      | HP: 6/28 [orc priest/nerve-wracking pain (7)]
  1997 | D:3      | HP: 1/28 [orc/+0 falchion (4)]
  1998 | D:3      | 1998 ||| READING scroll of teleportation.
  2000 | D:3      | Reached XP level 5. HP: 1/32 MP: 5/5
  2152 | D:3      | 2152 ||| DROPPING +0 whip.
  2242 | D:3      | 2242 ||| Stepping ~*~*~tactically~*~*~ (hiding).
  2246 | D:3      | Reached skill level 5 in Axes
  2251 | D:3      | HP: 8/32 [orc wizard/+0 dagger (3)]
  2251 | D:3      | Killed from afar by an orc wizard

Levels and vault maps discovered:
D:1:      dpeg_arrival_signposts, layout_basic
D:2:      layout_basic, basic_altar, uniq_natasha
D:3:      layout_loops_ring, mainiacjoe_overflow_24_doors, minmay_lizard_king

Skill      XL: |  1  2  3  4  5 |
---------------+----------------+-----
Axes           | 2 3 4 5 |  5.0
Fighting       | |  3.3
Armour         | |  3.2
Shields        | |  3.2

Action                     |  1- 3 |  4- 6 || total
---------------------------+-------+-------++-------
  Melee: War axe           |   100 |    80 ||   180
    Use: Scroll            |     4 |     4 ||     8
 Armour: Scale mail        |    58 |    39 ||    97
  Dodge: Dodged            |    43 |    33 ||    76
  Block: Buckler           |    29 |    14 ||    43

Table legend:
 A = Non-vault XP
 B = Vault XP
 C = Vault XP percentage of total XP
 D = Non-vault monster count
 E = Vault monster count
 F = Vault count percentage of total count
                 A         B        C        D         E       F
            +---------+---------+-------+---------+---------+-------
      Total |     198 |      35 |  15.0 |      57 |       1 |   1.7
            +---------+---------+-------+---------+---------+-------
        D:1 |      27 |      35 |  56.5 |      17 |       1 |   5.6
        D:2 |      74 |       0 |   0.0 |      20 |       0 |   0.0
        D:3 |      97 |       0 |   0.0 |      20 |       0 |   0.0
            +---------+---------+-------+---------+---------+-------
